 Dungeon Crawl Stone Soup version 0.23-a0-398-g8eab93fbe2 (webtiles) character file.

60 Notair the Poker (level 3, -5/31 HPs)
             Began as a Minotaur Gladiator on Nov 3, 2018.
             Killed from afar by Sigmund (7 damage)
             ... with a puff of flame
             ... on level 1 of the Dungeon.
             The game lasted 00:02:54 (1136 turns).

Notair the Poker (Minotaur Gladiator)               Turns: 1136, Time: 00:02:55

Health: -5/31      AC:  8    Str: 19    XL:     3   Next: 80%
Magic:  2/2        EV:  8    Int:  5    God:
Gold:   59         SH:  0    Dex: 11    Spells: 2/2 levels left

rFire    . . .     SeeInvis .   a - +0 trident
rCold    . . .     Gourm    .   (no shield)
rNeg     . . .     Faith    .   n - +0 chain mail
rPois    .         Spirit   .   c - +0 hat
rElec    .         Reflect  .   (no cloak)
rCorr    .         Harm     .   (no gloves)
MR       .....                  (no boots)
Stlth    ..........             (no amulet)
HPRegen  0.10/turn              (no ring)
MPRegen  0.08/turn              (no ring)

@: no status effects
A: retaliatory headbutt, horns 2
a: no special abilities


You were on level 1 of the Dungeon.
You were hungry.

You visited 1 branch of the dungeon, and saw 2 of its levels.

You collected 59 gold pieces.

Inventory:

Hand Weapons
 a - a +0 trident (weapon)
Missiles
 g - 32 stones (quivered)
 i - 18 sling bullets
Armour
 b - a +0 leather armour
 c - a +0 hat (worn)
 n - a +0 chain mail (worn)
Wands
 m - a wand of flame (16)
Scrolls
 h - 2 scrolls of identify {unknown}
 l - a scroll of remove curse {unknown}
Potions
 e - a potion of haste {unknown}
 j - a potion of curing {unknown}
 k - a potion of lignification {unknown}
Comestibles
 f - 5 rations


   Skills:
 + Level 3.4 Fighting
 * Level 5.2 Polearms
 - Level 2.0 Throwing
 - Level 3.2 Dodging


You had 2 spell levels left.
You didn't know any spells.
Your spell library was empty.

Dungeon Overview and Level Annotations

Branches:
Dungeon (2/15)

Altars:

Annotations:
D:2 Sigmund


Innate Abilities, Weirdness & Mutations

You reflexively headbutt those who attack you in melee.
You have a pair of horns on your head.


Message History

The puff of flame hits you!
You hit something. Something hits you!
* * * LOW HITPOINT WARNING * * *
Your chain mail prevents you from hitting something.
You hear some strange, mumbled words.
You are confused.
Unknown command.
You bump into the rock wall.
Something hits you.
* * * LOW HITPOINT WARNING * * *
You bump into the rock wall.
Something hits you.
* * * LOW HITPOINT WARNING * * *
You climb upwards.
Reactivating autopickup.
There is a stone staircase leading down here.
Something hits you but does no damage.
Deactivating autopickup; reactivate with Ctrl-A.
You feel less confused.
A puff of flame appears from out of thin air!
The puff of flame hits you!
You die...

..........##...#...#.............
###..#)#..##....>.....####.....†)
#.....................####....##.
#.#..............................
#.##...............##.#######.###
...#####........{......######.###
♣♣.# ###..###..#.............##
P♣.# #.......#.....######..##
P♣.## ##.####@......# #..##
.♣..## #.# ##......# #..## .♣...#
#.# ##.##### #..## P♣.#.# #.# #.#
#.... P♣.#.# ##.######.## #....
.♣.#.# #[.........#########..##
.♣...# ##.######.............#
♣....# ### #.###########.##
...#.# #.# #...


There were no monsters in sight!

Vanquished Creatures
  3 gnolls
  An ooze (D:1)
  A leopard gecko (D:1)
  2 giant cockroaches (D:1)
  4 goblins (D:1)
  4 hobgoblins
  3 kobolds
  5 bats (D:1)
  2 frilled lizards (D:1)
25 creatures vanquished.

Notes
Turn   | Place    | Note
-------+----------+-------------------------------------------
     0 | D:1      | Notair the Minotaur Gladiator began the quest for the Orb.
     0 | D:1      | Reached XP level 1. HP: 18/18 MP: 0/0
    92 | D:1      | Reached skill level 4 in Polearms
   162 | D:1      | Reached XP level 2. HP: 25/25 MP: 1/1
   748 | D:2      | Reached XP level 3. HP: 31/31 MP: 2/2
   758 | D:1      | Reached skill level 5 in Polearms
   933 | D:2      | Noticed Sigmund
  1127 | D:2      | HP: 1/31 [something (3)]
  1136 | D:1      | Killed from afar by Sigmund

Vault maps used:
D:1:      scummos_arrival_checkerplants, minivault_5
D:2:      first_ration, amethyst_killhole, kennysheep_generic_room_6,
          uniq_sigmund

Skill      XL: |  1  2  3 |
---------------+----------+-----
Polearms       | 4 5 |  5.2
Fighting       | 3 |  3.4
Throwing       | |  2.0
Dodging        | |  3.2

Action                   || total
-------------------------++-------
Melee: Trident           ||    83
       Headbutt          ||    13
Throw: Stone             ||     3
       Throwing net      ||     3
 Stab: Held in net/web   ||     1
Armor: Leather armour    ||    12
       Chain mail        ||    14
Dodge: Dodged            ||    48

Table legend:
 A = Non-vault XP
 B = Vault XP
 C = Vault XP percentage of total XP
 D = Non-vault monster count
 E = Vault monster count
 F = Vault count percentage of total count
                 A         B        C        D         E       F
            +---------+---------+-------+---------+---------+-------
      Total |      86 |       0 |   0.0 |      25 |       0 |   0.0
            +---------+---------+-------+---------+---------+-------
        D:1 |      55 |       0 |   0.0 |      21 |       0 |   0.0
        D:2 |      31 |       0 |   0.0 |       4 |       0 |   0.0
            +---------+---------+-------+---------+---------+-------
